 Dungeon Crawl Stone Soup version bcrawl-1.13 (webtiles) character file.

Game seed: 6330864561304271778

51 Camlann the Sneak (level 3, -1/29 HPs)
             Began as a Demonspawn Archaeologist on July 27, 2019.
             Slain by a gnoll
             ... wielding a +0 spear
              (5 damage)
             ... on level 2 of the Dungeon.
             The game lasted 00:03:03 (1651 turns).

Camlann the Sneak (Demonspawn Archaeologist)        Turns: 1651, Time: 00:03:03

Health: -1/29      AC: 17    Str: 12    XL:     3   Next: 58%
Magic:  3/3        EV:  5    Int: 15    God:
Gold:   55         SH:  0    Dex: 11    Spells: 2/2 levels left

rFire    . . .     SeeInvis .   k - -1 dagger (curse)
rCold    . . .     Gourm    .   (no shield)
rNeg     . . .     Faith    .   j - +0 chain mail
rPois    .         Spirit   .   c - +1 hat
rElec    .         Reflect  .   (no cloak)
rCorr    .         Harm     .   (no gloves)
MR       .....                  d - +1 pair of boots
Stlth    ..........             i - amulet of the acrobat
HPRegen  0.09/turn              (no ring)
MPRegen  0.08/turn              (no ring)

@: sanguine armour, studying Long Blades
A: sanguine armour 1
a: no special abilities


You were on level 2 of the Dungeon.
You were hungry.

You visited 1 branch of the dungeon, and saw 3 of its levels.

You collected 55 gold pieces.

Inventory:

Hand Weapons
 h - a +3 dagger
 k - a cursed -1 dagger (weapon)
Armour
 c - a +1 hat (worn)
 d - a +1 pair of boots (worn)
 j - a +0 chain mail (worn)
Jewellery
 i - an amulet of the acrobat (around neck)
Scrolls
 a - 2 scrolls of amnesia
Potions
 b - a potion of flight
Books
 e - a manual of Long Blades
Miscellaneous
 f - an ancient crate
Comestibles
 g - 7 rations {!d}
 l - a chunk of flesh


   Skills:
 - Level 3.0 Fighting
 + Level 2.2 Long Blades
   Level 0.8 Maces & Flails
 - Level 2.6 Dodging
 - Level 3.0 Stealth


You had 2 spell levels left.
You didn't know any spells.
Your spell library was empty.

Dungeon Overview and Level Annotations

Branches:
Dungeon (3/12)

Altars:
Dithmenos
Fedhas
The Shining One

Annotations:
D:2 exclusion: oklob plant, Sigmund


Innate Abilities, Weirdness & Mutations

When seriously injured, your bleeding wounds create armour. (AC +6)


Message History

The gnoll hits you but does no damage. The gnoll closely misses you.
You see here a +0 whip.
You hit the gnoll but do no damage. The gnoll hits you but does no damage.
You hit the gnoll but do no damage. The gnoll hits you but does no damage.
You closely miss the gnoll. The gnoll hits you but does no damage.
You barely miss the gnoll. The gnoll hits you but does no damage.
You hit the gnoll. The gnoll hits you but does no damage.
You hit the gnoll. The gnoll hits you with a +0 spear.
* * * LOW HITPOINT WARNING * * *
You hit the gnoll but do no damage.
Okay, then.
You completely miss the gnoll. The gnoll hits you with a +0 spear.
* * * LOW HITPOINT WARNING * * *
You hit the gnoll but do no damage. The gnoll hits you but does no damage.
Your chain mail prevents you from hitting the gnoll.
The gnoll barely misses you.
You hit the gnoll. The gnoll barely misses you.
You closely miss the gnoll. The gnoll hits you with a +0 spear.
You die...

#.# #.....#
#.#*****#######***
#.#,,,*,,,,,,,,,*,
#.#,,,,,,,,,,,,,,,
#.#*,,,,,*,,**,,,,
#.#♣PP♣,P..♣P,,,,,
#.#,PP#♣.....,,*,,
#.#,PPP..≈≈≈≈≈,,*,
#@#,P...≈≈≈≈≈≈≈,,,
#g###..≈≈≈≈≈≈≈≈≈,,
#g#,P.≈≈≈≈≈≈≈≈≈≈≈.
#.###.≈≈≈≈...≈≈≈≈.
#.....≈≈≈≈._......
#####.≈≈≈≈...≈≈≈≈.
#.P.≈≈≈≈≈≈≈≈≈≈≈.
#♣P..≈≈≈≈≈≈≈≈≈..
*##P..g≈≈≈≈≈≈..♣


You could see 2 gnolls.

Vanquished Creatures
  A gnoll (D:2)
  A dart slug (D:2)
  4 orcs (D:3)
  2 bats
  3 giant cockroaches
  2 goblins (D:1)
  5 hobgoblins
  2 ball pythons
  4 frilled lizards
  5 kobolds
  5 rats (D:1)
34 creatures vanquished.

Vanquished Creatures (others)
  19 toadstools (D:2)
19 creatures vanquished.

Grand Total: 53 creatures vanquished

Notes
Turn   | Place    | Note
-------+----------+-------------------------------------------
     0 | D:1      | Camlann the Demonspawn Archaeologist began the quest for
                  | the Orb.
     0 | D:1      | Reached XP level 1. HP: 15/15 MP: 1/1
   179 | D:1      | Gained mutation: When seriously injured, your bleeding
                  | wounds create armour. (AC +6) [demonic ancestry]
   179 | D:1      | Reached XP level 2. HP: 22/22 MP: 2/2
   982 | D:2      | Reached XP level 3. HP: 29/29 MP: 3/3
   987 | D:2      | Found a glowing golden altar of the Shining One.
   988 | D:2      | Noticed Sigmund
  1168 | D:2      | Found a shadowy altar of Dithmenos.
  1444 | D:3      | Reached skill level 1 in Long Blades
  1564 | D:2      | Found a blossoming altar of Fedhas.
  1596 | D:2      | Noticed an oklob plant
  1651 | D:2      | Slain by a gnoll

Skill      XL: |  1  2  3 |
---------------+----------+-----
Fighting       | 2 3 |  3.0
Long Blades    | 2 |  2.2
Maces & Flails | |  0.8
Dodging        | |  2.6
Stealth        | |  3.0

Action                   || total
-------------------------++-------
Melee: Whip              ||   132
       Dagger            ||    89
  Use: Scroll            ||     5
       Potion            ||     2
 Stab: Sleeping          ||     2
  Eat: Chunk             ||     2
Armor: Robe              ||    27
       Chain mail        ||   101
Dodge: Dodged            ||   105
